 Dungeon Crawl Stone Soup version 0.29-a0-1061-gbc57f8fbdb (webtiles) character file.

Game seed: 10214069775067166581

101 Nedwor the Slasher (level 4, 0/34 HPs)
             Began as a Demonspawn Gladiator on Aug 18, 2022.
             Slain by a gnoll
             ... wielding a +2 spear of venom
              (3 damage)
             ... on level 3 of the Dungeon.
             The game lasted 00:03:03 (2418 turns).

Nedwor the Slasher (Demonspawn Gladiator)           Turns: 2418, Time: 00:03:04

Health: 0/34       AC:  4    Str: 22    XL:     4   Next: 48%
Magic:  4/4        EV: 12    Int: 10    God:
Gold:   163        SH:  4    Dex: 14    Spells: 3/3 levels left

rFire   . . .      SeeInvis .   p - +0 great sword
rCold   . . .      Faith    .   (shield currently unavailable)
rNeg    . . .      Spirit   .   b - +0 leather armour
rPois   .          Reflect  .   c - +0 helmet
rElec   .          Harm     .   (no cloak)
rCorr   .          Rampage  .   (no gloves)
Will    .....                   (no boots)
Stlth   +.........              o - amulet of regeneration
HPRegen 0.91/turn               x - +6 ring of strength
MPRegen 0.09/turn               (no ring)

@: lethally poisoned (0 -> -2)
A: large bone plates 1, powered by death 1, spiny 1
a: no special abilities


You were on level 3 of the Dungeon.
You visited 1 branch of the dungeon, and saw 3 of its levels.

You collected 163 gold pieces.

Inventory:

Hand Weapons
 a - a +0 long sword
 p - a +0 great sword (weapon)
Missiles
 k - 6 javelins (quivered)
Armour
 b - a +0 leather armour (worn)
 c - a +0 helmet (worn)
Jewellery
 o - an amulet of regeneration (around neck)
 x - a +6 ring of strength (left hand)
Wands
 m - a wand of flame (6)
Scrolls
 d - 2 scrolls of fear {unknown}
 e - a scroll of blinking {unknown}
 g - 3 scrolls of noise {unknown}
 h - 2 scrolls of enchant weapon {unknown}
 i - 3 scrolls of identify {unknown}
 j - a scroll of vulnerability {unknown}
 l - a scroll of fog {unknown}
 q - 2 scrolls of magic mapping {unknown}
 r - a scroll of silence {unknown}
 u - 3 scrolls of teleportation {unknown}
Potions
 f - a potion of haste {unknown}
 n - 2 potions of curing {unknown}
 s - a potion of brilliance {unknown}
 t - 2 potions of degeneration {unknown}
 v - a potion of flight {unknown}
 w - a potion of heal wounds {unknown}


   Skills:
 + Level 2.7 Fighting
 * Level 3.7 Long Blades
 - Level 1.7 Throwing
 + Level 1.4 Armour
 + Level 3.2 Dodging


You had 3 spell levels left.
You didn't know any spells.
Your spell library contained the following spells:

 Spells                   Type           Power      Damage    Failure   Level
 Frozen Ramparts          Ice            0%         1d1       78%         3
 Ice Form                 Ice/Tmut       0%         N/A       99%         4
 Summon Ice Beast         Ice/Summ       0%         N/A       99%         4


Dungeon Overview and Level Annotations

Branches:
Dungeon (3/15)

Altars:

Shops:
D:2 **?

Annotations:
D:3 1 transporter, PirateVox's ghost, amateur TrHu


Innate Abilities, Weirdness & Mutations

You are partially covered in large bone plates. (SH +4)
You regenerate a little health from kills.
You are partially covered in sharp spines.


Message History

Partly explored, unvisited transporter.
Partly explored, unvisited transporter.
Partly explored, unvisited transporter.
You enter the shallow water.
Moving in this stuff is going to be slow.
The gnoll shouts!
There is a transporter here.
You see here a +6 ring of strength.
x - a +6 ring of strength You feel stronger.
x - a +6 ring of strength (left hand) Why would you want to do that?
Why would you want to do that?
The gnoll shouts!
The gnoll shouts!
You hear a shout!
There is a transporter here.
You enter the transporter and appear at another place.
The gnoll shouts!
The gnoll hits you with a +2 spear of venom.
You are poisoned.
You feel very sick.
The gnoll hits you with a +2 spear of venom.
You are more poisoned.
The gnoll barely misses you. The gnoll hits you with a +0 club.
The gnoll is struck by your spines. The gnoll barely misses you.
You slash the gnoll!
The gnoll is almost dead.
You feel very sick.
The gnoll hits you with a +2 spear of venom.
The gnoll hits you but does no damage. The gnoll closely misses you.
The gnoll is struck by your spines. The gnoll misses you.
The gnoll barely misses you.
The gnoll zaps a wand.
The puff of flame hits you.
* * * LOW HITPOINT WARNING * * *
You block the gnoll's attack. The gnoll barely misses you.
You hit the gnoll.
You kill the gnoll!
* * * LOW HITPOINT WARNING * * *
You feel very sick.
The gnoll hits you with a +2 spear of venom.
You die...

#..≈≈#g.#8###8#..#≈≈.#
#..≈≈##.###.###.##≈≈.#
#..≈≈#g..........#≈≈.#
#..≈≈###.##'##.###≈≈.#######
#..≈≈..#.#...#.#..≈≈......#.
#..≈≈.##.#⌠.⌠#.##.≈≈......#.
#..≈≈.#g.#...#.g#.≈≈........
#..≈≈.##.##)##.##.≈≈........
#..≈≈..#.#.@.#.#............
#..~~.©#.'g©ggg#©....######.
#..≈≈..#.#8⌠8#.#.....# #.
#..≈≈.##.#####.##.≈≈.# #.
#..≈≈.#©.#=:W#.g#.≈≈.# #.
##.≈≈.##.#...#.##.≈≈.# ##.
#.≈≈..#.#$$$#.#..≈≈.# ##..
#.≈≈###.##'##.###≈≈.####..#
#.≈≈#...........#≈≈.##...##


You could see 4 gnolls.

Vanquished Creatures
  A gnoll (D:3)
  4 adders (D:2)
  2 worms
  A dart slug (D:3)
  An orc (D:3)
  7 ball pythons
  7 bats
  6 endoplasms
  2 giant cockroaches
  4 goblins
  2 hobgoblins (D:1)
  3 jackals (D:1)
  5 kobolds
  2 quokkas (D:2)
  A frilled lizard (D:2)
  5 rats
53 creatures vanquished.

Vanquished Creatures (others)
  6 plants (D:3)
6 creatures vanquished.

Grand Total: 59 creatures vanquished

Notes
Turn   | Place    | Note
-------+----------+-------------------------------------------
     0 | D:1      | Nedwor the Demonspawn Gladiator began the quest for the
                  | Orb.
     0 | D:1      | Reached XP level 1. HP: 16/16 MP: 1/1
   260 | D:1      | Gained mutation: You are partially covered in large bone
                  | plates. (SH +4) [demonic ancestry]
   260 | D:1      | Reached XP level 2. HP: 18/22 MP: 2/2
  1092 | D:1      | Gained mutation: You regenerate a little health from kills.
                  | [demonic ancestry]
  1092 | D:1      | Reached XP level 3. HP: 28/28 MP: 3/3
  1203 | D:2      | Reached skill level 1 in Armour
  1289 | D:2      | Found Wis Yrghu's Magic Scroll Boutique.
  1425 | D:2      | Found Falut's General Store.
  1439 | D:2      | Found Liomn's Assorted Antiques.
  1648 | D:2      | Gained mutation: You are partially covered in sharp spines.
                  | [demonic ancestry]
  1648 | D:2      | Reached XP level 4. HP: 34/34 MP: 4/4
  1653 | D:2      | Found a faded altar of an unknown god.
  1838 | D:3      | Found a transporter.
  1846 | D:3      | Noticed PirateVox's ghost (amateur TrHu)
  2316 | D:3      | Found a transporter.
  2418 | D:3      | Slain by a gnoll

Illustrated notes

Levels and vault maps discovered:
D:1:      wander_arrival_chamber, layout_basic
D:2:      layout_rooms, serial_shops, nicolae_shop_window_shopping, shop, shop,
          nicolae_ecumenical_snake_handling, minmay_pentomino_z2
D:3:      layout_basic, gammafunk_ghost_gnarly_gnolls

Skill      XL: |  1  2  3 |
---------------+----------+-----
Long Blades    | 3 |  3.7
Armour         | 1 |  1.4
Dodging        | 3 |  3.2
Fighting       | |  2.7
Throwing       | |  1.7

Action                   |  1- 3 |  4- 6 || total
-------------------------+-------+-------++-------
Melee: Long sword        |   112 |       ||   112
       Punch             |     1 |       ||     1
       Great sword       |    17 |    14 ||    31
 Stab: Sleeping          |     2 |     2 ||     4
Armor: Leather armour    |    45 |     4 ||    49
Dodge: Dodged            |   121 |    15 ||   136
Block: Other             |    25 |     3 ||    28

Table legend: (Time is in decaauts)
 A = Elapsed time spent in this place.
 B = Non-inter-level travel time spent in this place.
 C = Inter-level travel time spent in this place.
 D = Time resting spent in this place.
 E = Time spent auto-exploring this place.
 F = Levels seen in this place.
 G = Mean time per level.
                   A        B        C        D        E       F      G
               +--------+--------+--------+--------+--------+-----+--------+
         Total |   2461 |   2436 |     25 |      0 |   1974 |   3 |  820.3 |
       Dungeon |   2461 |   2436 |     25 |      0 |   1974 |   3 |  820.3 |
               +--------+--------+--------+--------+--------+-----+--------+

Top non-repeatable levels by time:
     D:1: 1214 daAuts
     D:3: 660 daAuts
     D:2: 586 daAuts
